AoeStats
← Creative Curl

Arabia

509770784Analyzed
1v1 RM · 5d ago on Sep 28, 2026· 42m 14s· 2 players
Game mode
Random Map
Map size
Tiny (2 player)
Population
200
Speed
Normal
Resources
Standard
Victory
Conquest
Starting age
Dark Age
Ending age
Imperial Age
RankedLock teamsTeams togetherTeam positionsShared explorationLock speedFull tech treeHidden civsTurbo modeCheats
Victory
Defeat
🇺🇾 Gurjaras · Uruguay
942
+16
🇺🇸 Varangians · United States
946
-16
Creative Curl
5:54 Loom
9:35 Feudal Age
10:09 Horse Collar
10:16 Double-Bit Axe
19:23 Castle Age
17:22 Gold Mining
18:05 Stone Mining
19:17 Bloodlines
19:51 Forging
19:47 Scale Barding Armor
20:14 Husbandry
26:20 Wheelbarrow
32:04 Iron Casting
31:49 Chain Barding Armor
36:03 Imperial Age
33:59 Hand Cart
38:39 Kshatriyas
39:24 Elite Shrivamsha Rider
41:12 Conscription
42:39 Plate Barding Armor
43:06 Hoardings
42:53 Frontier Guards
just_a_dude_who_likes_to_play
11:36 Feudal Age
11:24 Loom
12:35 Horse Collar
12:42 Double-Bit Axe
17:18 Castle Age
19:37 Scale Barding Armor
22:09 Forging
25:15 Bow Saw
26:40 Bloodlines
28:34 Husbandry
31:36 Scale Mail Armor
32:18 Pikeman
34:04 Iron Casting
33:53 Fletching
39:00 Chain Mail Armor
43:50 Imperial Age
41:28 Gambesons
Connection lost

Rejoining the realm…

Still unreachable

The connection could not be restored.

Session expired

The server has moved on; the page needs a fresh start.